 Dungeon Crawl Stone Soup version 0.28.0-53-g5a82cb258f (webtiles) character file.

Game seed: 7209949249003306577

45 Sin92 the Skirmisher (level 3, -4/29 HPs)
             Began as a Demonspawn Fighter on July 5, 2022.
             Slain by Terence
             ... wielding a +0 flail of holy wrath
              (10 damage)
             ... on level 2 of the Dungeon.
             The game lasted 00:03:09 (1474 turns).

Sin92 the Skirmisher (Demonspawn Fighter)           Turns: 1474, Time: 00:03:11

Health: -4/29      AC: 11    Str: 18    XL:     3   Next: 42%
Magic:  3/3        EV:  5    Int:  9    God:
Gold:   56         SH:  4    Dex: 12    Spells: 2/2 levels left

rFire   . . .      SeeInvis .   a - +0 war axe
rCold   . . .      Faith    .   c - +0 buckler
rNeg    . . .      Spirit   .   e - +0 plate armour
rPois   .          Reflect  .   (no helmet)
rElec   .          Harm     .   (no cloak)
rCorr   .          Rampage  .   (no gloves)
Will    .....                   (no boots)
Stlth   ..........              (no amulet)
HPRegen 0.09/turn               (no ring)
MPRegen 0.08/turn               (no ring)

@: no status effects
A: ignite blood 1
a: no special abilities


You were on level 2 of the Dungeon.
You visited 1 branch of the dungeon, and saw 2 of its levels.

You collected 56 gold pieces.

Inventory:

Hand Weapons
 a - a +0 war axe (weapon)
Armour
 b - a +0 scale mail
 c - a +0 buckler (worn)
 e - a +0 plate armour (worn)
Jewellery
 k - a ring of see invisible
Wands
 i - a wand of paralysis (8)
Scrolls
 f - a scroll of amnesia {unknown}
 g - a scroll of identify {unknown}
Potions
 d - a potion of might
 h - a potion of resistance {unknown}
 j - 2 potions of invisibility {unknown}


   Skills:
 + Level 3.4 Fighting
 + Level 2.2 Axes
 + Level 3.1 Armour
 + Level 3.1 Shields


You had 2 spell levels left.
You didn't know any spells.
Your spell library contained the following spells:

 Spells                   Type           Power      Damage    Failure   Level
 Freeze                   Ice            0%         1d3       100%        1
 Frozen Ramparts          Ice            0%         1d2       100%        3
 Borgnjor's Vile Clutch   Necr/Erth      0%         N/A       100%        5
 Death's Door             Necr           0%         N/A       100%        9


Dungeon Overview and Level Annotations

Branches:
Dungeon (2/15)

Altars:

Annotations:
D:2 Terence


Innate Abilities, Weirdness & Mutations

Your demonic aura sometimes causes spilled blood to erupt in flames.


Message History

Found a ring mail and 11 gold pieces.
A goblin is nearby!
Unknown command.
A goblin is nearby!
A goblin is nearby!
Unknown command.
You hit the goblin.
You kill the goblin!
There is an open door, spattered with blood here.
You see here a +0 dagger.
You now have 56 gold pieces (gained 11).
Terence the Incautious comes into view.
He is wielding a +0 flail of holy wrath.
Terence shouts!
Unknown command.
Terence is nearby!
Terence is nearby!
Unknown command.
Unknown command.
Terence is nearby!
Terence barely misses you.
You hit Terence.
Terence is lightly wounded.
Terence hits you but does no damage.
You barely miss Terence.
Terence is lightly wounded.
Terence barely misses you.
An endoplasm comes into view.
Terence hits you but does no damage.
The endoplasm quivers.
You hit Terence.
Terence is lightly wounded.
You block Terence's attack.
You closely miss Terence.
Terence is lightly wounded.
Terence hits you with a +0 flail of holy wrath!
You convulse.
Terence hits you with a +0 flail of holy wrath!
* * * LOW HITPOINT WARNING * * *
You convulse!
You die...

### #.. ## #.# ..
#.# #. #.#######
#..#.......#
#.J@@.# ##.##.#
####### .. #.####.#
#.....#
######......#
#.###.#
.........#####.####
#.# #.#
######............#
#.# #.#
#.#.#####..... #.#
#.# ...#......#
#.##### #.# #.#
#######......#
#.#....


You could see Terence and an endoplasm.

Vanquished Creatures
  An adder (D:2)
  3 dart slugs
  A bat (D:1)
  2 endoplasms (D:1)
  2 giant cockroaches (D:1)
  2 goblins
  2 hobgoblins (D:1)
  4 jackals (D:1)
  4 kobolds
  A ball python (D:1)
  4 frilled lizards
  2 rats (D:1)
28 creatures vanquished.

Vanquished Creatures (others)
  12 plants (D:2)
12 creatures vanquished.

Grand Total: 40 creatures vanquished

Notes
Turn   | Place    | Note
-------+----------+-------------------------------------------
     0 | D:1      | Sin92 the Demonspawn Fighter began the quest for the Orb.
     0 | D:1      | Reached XP level 1. HP: 18/18 MP: 1/1
   401 | D:1      | Gained mutation: Your demonic aura sometimes causes spilled
                  | blood to erupt in flames. [demonic ancestry]
   401 | D:1      | Reached XP level 2. HP: 19/24 MP: 2/2
   722 | D:1      | Got the Volume of the Frostbite and Evil Arts
   814 | D:1      | Reached XP level 3. HP: 23/29 MP: 3/3
  1468 | D:2      | Noticed Terence
  1474 | D:2      | Slain by Terence

Illustrated notes

Levels and vault maps discovered:
D:1:      dpeg_arrival_arbitrary_c, layout_rooms, minivault_24,
          minmay_misc_feat_five
D:2:      layout_basic, basic_ecumenical_altar, kennysheep_donut,
          nicolae_grassy_gnolls, uniq_terence, uniq_jessica

Skill      XL: |  1  2 |
---------------+-------+-----
Axes           | 2 |  2.2
Armour         | 3 |  3.1
Shields        | 3 |  3.1
Fighting       | |  3.4

Action                   || total
-------------------------++-------
Melee: War axe           ||   100
  Use: Scroll            ||     1
Armor: Plate armour      ||    94
Dodge: Dodged            ||    23
Block: Buckler           ||    30
